 Dungeon Crawl Stone Soup version 0.26-a0-844-g3dd439832f (webtiles) character file.

Game seed: 18081152090668142614

68336 marklar909 the Whirler (level 15, -5/109 HPs)
             Began as a Halfling Hunter on Nov 18, 2020.
             Was a High Priest of Okawaru.
             Slain by a two-headed ogre
             ... wielding a +0 giant club
              (19 damage)
             ... on level 1 of the Orcish Mines.
             The game lasted 01:10:15 (37012 turns).

marklar909 the Whirler (Halfling Hunter)           Turns: 37012, Time: 01:10:15

Health: -5/109     AC: 12    Str: 15    XL:     15   Next: 69%
Magic:  16/16      EV: 24    Int:  9    God:    Okawaru [*****.]
Gold:   1416       SH: 14    Dex: 26    Spells: 14/14 levels left

rFire    . . .     SeeInvis .   a - +6 hunting sling (flame)
rCold    . . .     Faith    .   u - +0 kite shield
rNeg     . . .     Spirit   .   I - +0 leather armour "Ynu Juc" {rElec}
rPois    +         Reflect  .   g - +2 hat {MR+}
rElec    +         Harm     .   (no cloak)
rCorr    .         Rampage  .   R - +2 pair of gloves {archery}
MR       ++...                  c - +2 pair of boots
Stlth    +++.......             y - amulet of the acrobat
HPRegen  0.28/turn              w - +6 ring of dexterity
MPRegen  0.15/turn              N - ring of poison resistance

@: no status effects
A: small, mutation resistance 1
a: Heroism, Finesse, Renounce Religion


You were on level 1 of the Orcish Mines.
You worshipped Okawaru.
Okawaru was extremely pleased with you.
You visited 3 branches of the dungeon, and saw 19 of its levels.

You collected 1549 gold pieces.
You spent 133 gold pieces at shops.

Inventory:

Hand Weapons
 a - a +6 hunting sling of flaming (weapon)
 b - a +0 short sword
Missiles
 d - 121 sling bullets
 e - 27 stones (quivered)
 v - 36 poisoned darts
Armour
 c - a +2 pair of boots (worn)
 g - a +2 hat of magic resistance (worn)
 u - a +0 kite shield (worn)
 I - the +0 leather armour "Ynu Juc" (worn) {rElec}
   (You bought it in a shop on level 6 of the Dungeon)

   It insulates you from electricity.
 R - a +2 pair of gloves of archery (worn)
Jewellery
 w - a +6 ring of dexterity (left hand)
 y - an amulet of the acrobat (around neck)
 F - an uncursed ring of resist corrosion
 N - a ring of poison resistance (right hand)
Wands
 x - a wand of iceblast (2)
 O - a wand of polymorph (6)
 S - a wand of disintegration (15)
 U - a wand of digging (4)
Scrolls
 f - 2 scrolls of fog
 h - 2 scrolls of identify
 l - 2 scrolls of teleportation
 m - 6 scrolls of remove curse
 o - 2 scrolls of amnesia
 B - a scroll of blinking
Potions
 k - 5 potions of flight
 q - 3 potions of cancellation
 r - a potion of haste
 s - a potion of resistance
 t - 2 potions of brilliance
 A - 2 potions of mutation
 C - 3 potions of ambrosia
 D - a potion of might
 G - 2 potions of invisibility {unknown}
 M - a potion of degeneration {unknown}
 Q - 2 potions of curing {unknown}
 T - a potion of berserk rage {unknown}
 Y - a potion of magic {unknown}
Miscellaneous
 H - a phial of floods (inert)


   Skills:
 + Level 12.6 Fighting
 + Level 19.9(20.1) Slings
 + Level 3.3(10.5) Throwing
 * Level 8.5 Armour
 + Level 10.2 Dodging
 + Level 4.3 Stealth
 + Level 11.9 Shields
 * Level 2.3 Invocations
 + Level 3.2 Evocations


You had 14 spell levels left.
You didn't know any spells.
Your spell library contained the following spells:

 Spells                   Type           Power        Failure   Level
 Magic Dart               Conj           #...         75%         1
 Blink                    Tloc           N/A          86%         2
 Call Imp                 Summ           #.......     86%         2
 Slow                     Hex            #.......     86%         2
 Conjure Flame            Conj/Fire      #.......     98%         3
 Mephitic Cloud           Conj/Pois/Air  #.......     98%         3
 Ice Form                 Ice/Tmut       #.......     100%        4
 Metabolic Englaciation   Hex/Ice        #.........   100%        5
 Freezing Cloud           Conj/Ice/Air   #.........   100%        6
 Ozocubu's Refrigeration  Ice            #.........   100%        6
 Simulacrum               Ice/Necr       #.........   100%        6


Dungeon Overview and Level Annotations

Branches:
Dungeon (11/15)            Temple (0/1) D:7            Lair (6/6) D:10
  Swamp (0/4) Lair:2       Spider (0/4) Lair:4        Slime (0/5) Lair:6
    Orc (2/2) D:9
    Elf: Orc:2

Altars:
Cheibriados
Hepliaklqana
Okawaru
Vehumet
Yredelemnul
The Shining One
Jiyva

Shops:
D:6 *=[([   D:9 [

Annotations:
D:2 1 runed translucent door, Crazy Yiuf
D:3 2 transporters
D:7 2 transporters, snackwell's ghost, novice DrTm
Lair:6 3 runed translucent doors, Tarl's ghost, journeyman HOFi


Innate Abilities, Weirdness & Mutations

You are small and have problems with some larger weapons.
You are somewhat resistant to further mutation.


Message History

The two-headed ogre misses you.
Firing (i - inventory. (/) - cycle)
e - 29 stones (quivered)
Press: ? - help, Shift-Dir - straight line, f/p - two-headed ogre
Aim: a two-headed ogre, wielding two +0 giant clubs (heavily wounded)
You shoot a stone. The stone hits the two-headed ogre!
The stone burns the two-headed ogre.
The two-headed ogre is almost dead.
You hear some strange, mumbled words.
A magic dart appears from out of thin air!
The magic dart hits you.
* * * LOW HITPOINT WARNING * * *
Firing (i - inventory. (/) - cycle)
e - 28 stones (quivered)
Press: ? - help, Shift-Dir - straight line, f/p - two-headed ogre
Aim: a two-headed ogre, wielding two +0 giant clubs (almost dead)
You shoot a stone. The stone hits the two-headed ogre.
The stone burns the two-headed ogre.
The two-headed ogre is almost dead.
You block the two-headed ogre's attack.
The two-headed ogre hits you with a +0 giant club!!
You die...

### #@#
#O.{#
##.#..
#.#...#
#..
...#
...
....#
...
....
..##
...(


You could see a two-headed ogre.

Vanquished Creatures
  Snorg (D:11)
  A boulder beetle (Lair:3)
  Erolcha (D:9)
  Harold (D:7)
  6 hydras
  9 two-headed ogres
  A queen ant (Lair:2)
  4 death yaks
  An ogre mage (Orc:1)
  Nergalle (D:11)
  Sonja (Lair:3)
  2 deep trolls (D:9)
  An unseen horror (D:10)
  A wolf spider (Lair:4)
  An ugly thing (D:10)
  2 cyclopes
  Joseph (D:7)
  5 elephants (Lair:5)
  6 black mambas
  26 cane toads
  A rime drake (Lair:5)
  Maggie (D:7)
  2 ice devils (Lair:6)
  13 komodo dragons
  8 trolls
  2 polar bears (Lair:5)
  3 tyrant leeches
  A jumping spider (Lair:4)
  Prince Ribbit (D:5)
  34 blink frogs
  21 dream sheep
  2 basilisks
  3 spriggans (Lair:1)
  3 wyverns
  Grum (D:8)
  28 yaks
  6 vampire mosquitoes
  5 soldier ants
  13 water moccasins
  6 orc warriors
  2 black bears
  3 sky beasts
  A necrophage (D:8)
  3 ice beasts
  A phantom (D:10)
  10 wolves
  20 ogres
  8 centaurs
  5 big kobolds
  26 bullfrogs
  A wyvern zombie (D:11)
  4 scorpions
  17 wights
  9 killer bees
  5 howler monkeys
  12 electric eels
  A bullfrog zombie (D:8)
  10 hounds
  2 quasits
  9 orc priests
  2 bullfrog skeletons
  2 centaur skeletons
  A jelly (D:7)
  3 iguanas
  13 orc wizards
  38 worker ants
  Robin (D:2)
  A worker ant zombie (D:9)
  5 adders
  A howler monkey skeleton (D:4)
  6 shadow imps
  4 white imps
  An ooze (D:1)
  An adder zombie (D:9)
  3 adder skeletons
  2 dart slugs
  A leopard gecko (D:3)
  48 orcs
  5 giant cockroaches
  2 gnoll zombies (D:4)
  19 goblins
  13 hobgoblins
  17 jackals
  5 quokkas
  4 ball pythons
  5 bats
  4 frilled lizards
  A goblin skeleton (D:9)
  A goblin zombie (D:9)
  2 hobgoblin zombies (D:9)
  30 kobolds
  2 kobold zombies (D:9)
  A leopard gecko skeleton (D:4)
  An orc skeleton (D:9)
  3 orc zombies (D:9)
  2 rats
625 creatures vanquished.

Vanquished Creatures (others)
  31 fungi
  126 plants
157 creatures vanquished.

Grand Total: 782 creatures vanquished

Notes
Turn   | Place    | Note
-------+----------+-------------------------------------------
     0 | D:1      | marklar909 the Halfling Hunter began the quest for the Orb.
     0 | D:1      | Reached XP level 1. HP: 14/14 MP: 1/1
    64 | D:1      | Reached skill level 6 in Slings
   121 | D:1      | Reached XP level 2. HP: 19/19 MP: 2/2
   582 | D:2      | Reached skill level 7 in Slings
   582 | D:2      | Reached XP level 3. HP: 24/24 MP: 3/3
  1030 | D:2      | Reached XP level 4. HP: 29/29 MP: 4/4
  1032 | D:2      | Noticed Robin
  1059 | D:2      | Killed Robin
  1241 | D:2      | Noticed a sky beast
  1270 | D:2      | Killed a sky beast
  1271 | D:2      | Reached skill level 8 in Slings
  1271 | D:2      | Reached XP level 5. HP: 19/35 MP: 5/5
  1503 | D:2      | Found a runed translucent door.
  1504 | D:2      | Noticed Crazy Yiuf
  1821 | D:3      | Reached skill level 9 in Slings
  1824 | D:3      | Reached XP level 6. HP: 24/41 MP: 6/6
  2141 | D:3      | Found a transporter.
  2213 | D:3      | Found a transporter.
  2828 | D:4      | Reached skill level 1 in Armour
  2903 | D:4      | Reached skill level 1 in Shields
  2903 | D:4      | Reached XP level 7. HP: 45/45 MP: 7/7
  3048 | D:4      | Found a basalt altar of Yredelemnul.
  3581 | D:3      | Reached skill level 10 in Slings
  4846 | D:5      | Entered Level 5 of the Dungeon
  4929 | D:5      | Reached XP level 8. HP: 52/52 MP: 8/8
  6447 | D:5      | Noticed Prince Ribbit
  6615 | D:6      | Reached skill level 11 in Slings
  6655 | D:6      | Reached skill level 1 in Evocations
  7253 | D:6      | Found Citox's Jewellery Shoppe.
  7423 | D:6      | Found Goceahoo's General Store.
  7534 | D:6      | Found Qecea's Antique Armour Emporium.
  7705 | D:6      | Found Piloh's Antique Weapon Shoppe.
  7707 | D:6      | Found Xeseegi's Antique Armour Boutique.
  7911 | D:7      | Found a transporter.
  7918 | D:7      | Noticed a moth of wrath
  7936 | D:7      | Noticed Maggie
  7987 | D:7      | Noticed Harold
  8058 | D:7      | Killed Maggie
  8059 | D:7      | Reached skill level 12 in Slings
  8059 | D:7      | Reached XP level 9. HP: 31/58 MP: 9/9
  8923 | D:7      | Found a transporter.
  8927 | D:7      | Noticed snackwell's ghost (novice DrTm)
  9076 | D:7      | Reached skill level 5 in Shields
  9369 | D:7      | Reached skill level 13 in Slings
  9433 | D:7      | Reached skill level 5 in Dodging
 10219 | D:7      | Killed Harold
 10220 | D:7      | Reached skill level 5 in Fighting
 10220 | D:7      | Reached XP level 10. HP: 66/66 MP: 10/10
 10703 | D:7      | Found a staircase to the Ecumenical Temple.
 10733 | D:7      | Found an iron altar of Okawaru.
 10831 | D:7      | Became a worshipper of Warmaster Okawaru
 11047 | D:8      | Noticed Joseph
 11272 | D:9      | Found a snail-covered altar of Cheibriados.
 11272 | D:9      | Found Cheibriados's Comfort Zone.
 11416 | D:9      | Reached skill level 14 in Slings
 11930 | D:9      | Found a staircase to the Orcish Mines.
 12142 | D:9      | Reached skill level 1 in Throwing
 12149 | D:9      | Reached * piety under Okawaru
 12394 | D:9      | Paralysed by an orc for 5 turns
 12473 | D:9      | Found a glowing golden altar of the Shining One.
 12612 | D:9      | Noticed Erolcha
 12628 | D:9      | Killed Erolcha
 12628 | D:9      | Reached ** piety under Okawaru
 12629 | D:9      | Reached XP level 11. HP: 74/74 MP: 11/11
 12812 | D:9      | Noticed a two-headed ogre
 13162 | D:5      | Killed Prince Ribbit
 13646 | D:7      | Killed Joseph
 13647 | D:7      | Reached skill level 15 in Slings
 13763 | D:8      | Reached *** piety under Okawaru
 13776 | D:8      | Noticed Grum
 14037 | D:8      | Killed Grum
 14141 | D:8      | Found a glowing golden altar of the Shining One.
 14142 | D:8      | Found a radiant altar of Vehumet.
 14143 | D:8      | Found a hazy altar of Hepliaklqana.
 14902 | D:9      | Killed a two-headed ogre
 14902 | D:9      | Received a gift from Okawaru
 14966 | D:10     | Entered Level 10 of the Dungeon
 15155 | D:10     | Killed an unseen horror
 15438 | D:10     | Found a staircase to the Lair.
 15713 | D:10     | Reached **** piety under Okawaru
 15971 | D:11     | Noticed a two-headed ogre
 15973 | D:11     | Noticed Snorg
 15983 | D:11     | Noticed Nergalle
 16466 | D:11     | Noticed a red ugly thing
 16522 | Lair:1   | Entered Level 1 of the Lair of Beasts
 16544 | Lair:1   | Received a gift from Okawaru
 16681 | Lair:1   | Noticed a seven-headed hydra
 16694 | Lair:1   | Killed a seven-headed hydra
 16695 | Lair:1   | Reached XP level 12. HP: 72/83 MP: 10/12
 16734 | Lair:1   | Reached skill level 16 in Slings
 16878 | Lair:1   | Received a gift from Okawaru
 17280 | Lair:1   | Received a gift from Okawaru
 17989 | Lair:1   | Noticed an eight-headed hydra
 18005 | Lair:1   | Killed an eight-headed hydra
 18967 | Lair:1   | Received a gift from Okawaru
 19504 | Lair:1   | Received a gift from Okawaru
 19839 | Lair:2   | Reached skill level 17 in Slings
 20080 | Lair:2   | Reached XP level 13. HP: 42/91 MP: 13/13
 20414 | Lair:2   | Received a gift from Okawaru
 20557 | Lair:2   | Found a staircase to the Swamp.
 21039 | Lair:2   | Noticed a seven-headed hydra
 21231 | Lair:2   | Killed a seven-headed hydra
 21232 | Lair:2   | Reached skill level 10 in Fighting
 21495 | Lair:2   | Upgraded the game from 0.26-a0-835-g8259106e14 to
                  | 0.26-a0-844-g3dd439832f
 21538 | Lair:3   | Reached ***** piety under Okawaru
 21836 | Lair:3   | Noticed a boulder beetle
 22169 | Lair:3   | Noticed a four-headed hydra
 22413 | Lair:3   | Noticed Sonja
 22439 | Lair:3   | Killed Sonja
 22440 | Lair:3   | Reached skill level 1 in Invocations
 22501 | Lair:3   | Killed a four-headed hydra
 22730 | Lair:3   | Killed a boulder beetle
 22730 | Lair:3   | Received a gift from Okawaru
 22731 | Lair:3   | Reached skill level 18 in Slings
 24258 | Lair:2   | Reached skill level 10 in Shields
 24398 | Lair:2   | Received a gift from Okawaru
 24959 | Lair:3   | Received a gift from Okawaru
 25761 | Lair:4   | Found a hole to the Spider Nest.
 26154 | Lair:4   | Reached XP level 14. HP: 42/101 MP: 14/14
 27381 | Lair:5   | Reached skill level 5 in Armour
 28738 | Lair:6   | Entered Level 6 of the Lair of Beasts
 29930 | Lair:6   | Reached skill level 19 in Slings
 30085 | Lair:5   | Received a gift from Okawaru
 30587 | Lair:5   | Received a gift from Okawaru
 30947 | Lair:6   | Received a gift from Okawaru
 31790 | Lair:6   | Found a viscous altar of Jiyva.
 31790 | Lair:6   | Found a staircase to the Slime Pits.
 31882 | Lair:6   | Received a gift from Okawaru
 31891 | Lair:6   | Reached XP level 15. HP: 43/108 MP: 15/15
 32288 | Lair:6   | Noticed Tarl's ghost (journeyman HOFi)
 32972 | Lair:6   | Found a runed translucent gate.
 32972 | Lair:6   | Found a runed translucent gate.
 32972 | Lair:6   | Found a runed translucent gate.
 33028 | Lair:6   | Received a gift from Okawaru
 34209 | D:11     | Received a gift from Okawaru
 34259 | D:11     | Killed Nergalle
 34277 | D:11     | Killed Snorg
 34771 | D:11     | Received a gift from Okawaru
 35076 | D:6      | Bought a scorched leather armour for 133 gold pieces
 35076 | D:6      | Identified the cursed +0 leather armour "Ynu Juc" {rElec}
                  | (You bought it in a shop on level 6 of the Dungeon)
 35318 | Orc:1    | Entered Level 1 of the Orcish Mines
 35591 | Orc:2    | Entered Level 2 of the Orcish Mines
 35591 | Orc:2    | Found a gate leading to a gauntlet.
 35685 | Orc:1    | Received a gift from Okawaru
 36063 | D:9      | Reached skill level 10 in Dodging
 37012 | Orc:1    | Slain by a two-headed ogre

Illustrated notes

Levels and vault maps discovered:
D:1:      ncdulo_wetmaze, layout_rooms
D:2:      layout_loops_ring, ebering_dispersal_statue_hall,
          minmay_split_cup_small, uniq_robin, uniq_crazy_yiuf_cottage
D:3:      gammafunk_wand_slinger, layout_basic, minmay_box_of_dots
D:4:      layout_cave_pods, lemuel_zombie_altar_yredelemnul
D:5:      layout_layer_cave, grunt_ministairs_13, uniq_prince_ribbit1
D:6:      layout_gridville, serial_shops, shop_fountains, shop,
          nicolae_shop_waterfront, nicolae_shop_crystal, shop,
          wad_floor_pattern_2
D:7:      layout_cave_pools, minmay_temple_entry_statues_pillars,
          gammafunk_ghost_berserking_beasts, serial_column_ruins,
          column_ruins_open_small, column_ruins_columns_straight,
          column_ruins_columns_corner, column_ruins_open_small,
          david_defended_altar_elf, uniq_harold, uniq_maggie
D:8:      layout_rooms, minitemple, kennysheep_generic_room_7, uniq_joseph,
          uniq_grum
D:9:      layout_gridville, david_orc_3, minmay_misc_feat_enclosed,
          minmay_shop_chei, nicolae_tso_besieged_by_evil, uniq_erolcha
D:10:     layout_loops_ring, erik_lair_island
D:11:     layout_cave_pools, minmay_misc_feat_tower, uniq_nergalle, uniq_snorg
Lair:1:   layout_chaotic_city, wad_woods_02, grunt_megastairs_2
Lair:2:   layout_hall_layers, minmay_swamp_entry_reptiles, serial_bayou_lake_a
Lair:3:   layout_gridlike, zaba_antful_of_joy, grunt_megastairs_1, uniq_sonja
Lair:4:   layout_long_grid, spider_nest_entry_funnel_web,
          nicolae_volcano_entry_two_sided, chequers_serial_rivers_micro_e,
          serial_bayou_shore_b, serial_bayou_shore_a
Lair:5:   layout_cave_pods, serial_bayou_shore_b
Lair:6:   minmay_lair_end_frog_pond, layout_misc_corridors, slime_altar_1,
          portal_ice_cave_demonic_guard, maelrawn_ghost_gauntlet_escape
Orc:1:    layout_diamond_mine
Orc:2:    st_orc_open, layout_caves, serial_shops, bzr_entry_customers,
          gauntlet_entry_generic, led_sif_book

Skill      XL: |  1  2  3  4  5  6  7  8  9 10 11 12 13 14 15 |
---------------+----------------------------------------------+-----
Slings         | 6 7 8 9 10 12 13 14 15 17 18 19 | 19.9
Fighting       | 2 3 4 5 6 8 9 11 12 | 12.6
Armour         | 1 2 3 4 7 8 |  8.5
Shields        | 1 2 4 6 7 8 9 10 11 | 11.9
Dodging        | 3 4 5 6 7 8 9 10 | 10.2
Evocations     | 1 2 3 |  3.2
Stealth        | 2 3 4 |  4.3
Throwing       | 3 |  3.3
Invocations    | 1 2 |  2.3

Action                   |  1- 3 |  4- 6 |  7- 9 | 10-12 | 13-15 || total
-------------------------+-------+-------+-------+-------+-------++-------
Melee: Hunting sling     |       |       |     4 |     4 |       ||     8
       Short sword       |       |       |       |       |     9 ||     9
 Fire: Hunting sling     |    96 |   156 |   673 |  1349 |  2075 ||  4349
Throw: Dart              |       |       |       |    10 |    11 ||    21
Invok: Heroism           |       |       |       |     5 |    11 ||    16
       Finesse           |       |       |       |       |     1 ||     1
Evoke: Wand              |       |       |    16 |    18 |     1 ||    35
       Phial of floods   |       |       |       |     1 |     1 ||     2
  Use: Scroll            |     2 |     8 |     5 |     5 |    17 ||    37
       Potion            |       |       |     2 |       |       ||     2
Armor: Leather armour    |     8 |    10 |    55 |    32 |    16 ||   121
       Skin              |       |       |    12 |       |       ||    12
       Steam dragon scal |       |       |       |       |    66 ||    66
Dodge: Dodged            |    16 |    26 |   233 |   392 |   877 ||  1544
Block: Kite shield       |       |       |       |   337 |   758 ||  1095

Table legend: (Time is in decaauts)
 A = Elapsed time spent in this place.
 B = Non-inter-level travel time spent in this place.
 C = Inter-level travel time spent in this place.
 D = Time resting spent in this place.
 E = Time spent auto-exploring this place.
 F = Levels seen in this place.
 G = Mean time per level.
                   A        B        C        D        E       F      G
               +--------+--------+--------+--------+--------+-----+--------+
         Total |  35726 |  33126 |   2600 |   5828 |  21604 |  19 | 1880.3 |
       Dungeon |  18060 |  16342 |   1718 |   3561 |  10030 |  11 | 1641.8 |
          Lair |  16768 |  15920 |    848 |   1911 |  11321 |   6 | 2794.7 |
  Orcish Mines |    897 |    864 |     33 |    356 |    252 |   2 |  448.5 |
               +--------+--------+--------+--------+--------+-----+--------+

Top non-repeatable levels by time:
  Lair:5: 3930 daAuts
  Lair:2: 3379 daAuts
  Lair:6: 2880 daAuts
  Lair:1: 2814 daAuts
     D:9: 2671 daAuts
     D:7: 2666 daAuts
     D:5: 2204 daAuts
     D:6: 2171 daAuts
  Lair:3: 2068 daAuts
  Lair:4: 1695 daAuts
    D:10: 1654 daAuts
     D:2: 1592 daAuts
     D:4: 1565 daAuts
     D:3: 1397 daAuts
    D:11: 895 daAuts
